 Dungeon Crawl Stone Soup version 0.28.0-45-g0d030f2227 (webtiles) character file.

Game seed: 3546007844075472062

11025 Mesmaeker13 the Martial Artist (level 11, -2/75 HPs)
             Began as an Octopode Transmuter on May 18, 2022.
             Was a Believer of Ru.
             Slain by a large slime creature (19 damage)
             ... on level 11 of the Dungeon.
             The game lasted 00:43:48 (14702 turns).

Mesmaeker13 the Martial Artist (OpTm)              Turns: 14702, Time: 00:43:49

Health: -2/75      AC:  8    Str: 16      XL:     11   Next: 71%
Magic:  21/21      EV: 10    Int: 16 (19) God:    Ru [**....]
Gold:   555        SH:  0    Dex: 13      Spells: 1/14 levels left

rFire   x . .      SeeInvis .     - Unarmed
rCold   + + +      Faith    .   (shield currently unavailable)
rNeg    . . .      Spirit   .   (helmet currently unavailable)
rPois   +          Reflect  .   d - amulet of regeneration
rElec   .          Harm     .   f - ring of resist corrosion
rCorr   +          Rampage  .   h - ring of willpower
Will    +....                   o - +6 ring of strength
Stlth   +.........              F - ring of magical power
HPRegen 1.02/turn               (no ring)
MPRegen 0.17/turn               (no ring)
                                (no ring)
                                (no ring)

@: ice-form
A: freezing attack, boosted hp, almost no armour, amphibious, 8 rings, large,
(camouflage 1), low MP 1, (gelatinous body 1), inability to use devices, (nimble
swimmer 1), (tentacles)
a: End Transformation, Renounce Religion


You were on level 11 of the Dungeon.
You worshipped Ru.
Ru was pleased with you.
You were a creature of crystalline ice.
You visited 2 branches of the dungeon, and saw 12 of its levels.

You collected 675 gold pieces.
You spent 120 gold pieces at shops.

Inventory:

Hand Weapons
 m - the +7 staff of the Meek {protect, meekguard}
   (You found it on level 3 of the Dungeon)

   It grants its wielder temporary protection when it strikes (+7 to AC).
   It provides extra protection to wielders with little health.
Missiles
 r - 12 javelins
Armour
 j - a +0 buckler
Jewellery
 c - a ring of flight
 d - an amulet of regeneration (around neck)
 f - a ring of resist corrosion (left front paw)
 h - a ring of willpower (right front paw)
 k - a ring of magical power
 o - a +6 ring of strength (on tentacle)
 w - a ring of ice
 F - a ring of magical power (on tentacle)
Scrolls
 a - 2 scrolls of amnesia
 b - 2 scrolls of summoning {unknown}
 e - 6 scrolls of vulnerability
 g - 4 scrolls of enchant armour
 q - 5 scrolls of blinking {unknown}
 s - a scroll of teleportation
 v - a scroll of fear {unknown}
 y - a scroll of brand weapon {unknown}
 z - a scroll of noise
 C - a scroll of magic mapping {unknown}
 E - a scroll of immolation {unknown}
Potions
 i - a potion of mutation
 l - 2 potions of berserk rage {unknown}
 p - a potion of lignification
 t - 2 potions of degeneration
 u - a potion of resistance {unknown}
 x - 2 potions of heal wounds {unknown}
 A - a potion of magic {unknown}
 B - a potion of brilliance
 D - a potion of attraction {unknown}


   Skills:
 - Level 1.0 Fighting
 - Level 2.0 Dodging
 + Level 10.0 Unarmed Combat
 - Level 2.0 Spellcasting
 + Level 9.7 Transmutations
 + Level 8.2 Ice Magic
 + Level 5.1 Air Magic
 - Level 9.0 Poison Magic


You had one spell level left.
You knew the following spells:

 Your Spells              Type           Power      Damage    Failure   Level
a - Beastly Appendage     Tmut           64%        N/A       1%          1
b - Wereblood             Tmut           32%        N/A       1%          2
c - Spider Form           Tmut/Pois      31%        N/A       1%          3
d - Ice Form              Ice/Tmut       30%        N/A       4%          4
e - Mephitic Cloud        Conj/Pois/Air  16%        N/A       9%          3

Your spell library contained the following spells:

 Spells                   Type           Power      Damage    Failure   Level
 Animate Skeleton         Necr           2%         N/A       21%         1
 Apportation              Tloc           2%         N/A       21%         1
 Magic Dart               Conj           4%         1d3       21%         1
 Sandblast                Erth           2%         2d4       21%         1
 Summon Small Mammal      Summ           4%         N/A       21%         1
 Passwall                 Tmut/Erth      14%        N/A       4%          2
 Blink                    Tloc           2%         N/A       30%         2
 Call Imp                 Summ           1%         N/A       30%         2
 Lesser Beckoning         Tloc           1%         N/A       52%         3
 Stone Arrow              Conj/Erth      2%         3d7       52%         3
 Tukima's Dance           Hex            1%         N/A       52%         3
 Anguish                  Hex/Necr       0%         N/A       90%         4
 Manifold Assault         Tloc           1%         N/A       99%         5
 Enfeeble                 Hex            0%         N/A       100%        7
 Storm Form               Tmut/Air       12%        N/A       100%        7


Dungeon Overview and Level Annotations

Branches:
Dungeon (11/15)            Temple (1/1) D:7
   Lair: D:8-11         Orc: D:9-12

Altars:
Ashenzari
Cheibriados
Dithmenos
Elyvilon
Fedhas
Gozag
Hepliaklqana
Kikubaaqudgha
Makhleb
Nemelex Xobeh
Okawaru
Qazlal
Ru
Sif Muna
Trog
Uskayaw
Vehumet
Wu Jian
Xom
Yredelemnul
Zin
The Shining One
Beogh

Shops:
D:6 **   D:9 *

Annotations:
D:10 Gastronok
D:11 Erolcha


Innate Abilities, Weirdness & Mutations

You are a creature of crystalline ice.
You have a powerful freezing melee attack.
Your maximum health is increased.
Your armour is entirely melded.
You are incapable of wielding weapons or throwing items.
You cannot wear most types of armour.
You are amphibious.
You can wear up to eight rings at the same time.
((Your skin changes colour to match your surroundings (Stealth+).))
Your magical capacity is low. (-10% MP)
((Your rubbery body absorbs attacks. (AC +1, EV +1)))
You cannot study or use magical devices.
((You are camouflaged when in or above water. (Stealth+)))
((You have tentacles for arms and can constrict up to eight enemies at once.))


Message History

The slime creature quivers.
You pummel the large slime creature!! You freeze the large slime creature.
The large slime creature is almost dead.
The large slime creature hits you but does no damage.
You punch the large slime creature! You freeze the large slime creature.
You feel a bit better.
You kill the large slime creature!
A slime creature comes into view.
You howl as the wereblood boils in your veins!
You punch the slime creature! You freeze the slime creature.
The slime creature is moderately wounded.
The slime creature hits you!
You hit the slime creature. You freeze the slime creature.
The slime creature is moderately wounded.
The slime creature hits you but does no damage.
You punch the slime creature! You freeze the slime creature.
The slime creature is severely wounded.
Your primal bloodlust is almost over.
Two slime creatures merge to form a large slime creature.
You pummel the large slime creature!! You freeze the large slime creature.
The large slime creature is heavily wounded.
You cannot evoke magical items.
Casting: Wereblood (safe; 1% risk of failure)
Confirm with . or Enter, or press ? or * to list all spells.
You can't see any susceptible monsters within range! (Use Z to cast anyway.) Unknown command.
Press: ? - help, v - describe, . - travel
Here: a large slime creature (heavily wounded)
The floor.
Casting: Wereblood (safe; 1% risk of failure)
Confirm with . or Enter, or press ? or * to list all spells.
Okay, then.
The large slime creature hits you!!!
Ouch! That really hurt!
* * * LOW HITPOINT WARNING * * *
Your primal bloodlust has ended.
The large slime creature barely misses you.
There is a stone staircase leading up, spattered with blood here.
The large slime creature hits you!!
You die...

#.......####.###...(..'
#.......'....# #......#
#.......###### #......#
#.......# #......#
##'###### #......#
#....#### ##'#####
####....# #..#
#######.#### ##.#
#....YJ....# ##.####
#......o...# #.....#
#..........### #.....#
#............###.....#
#..........#..##.....#
#..........##.##.....#
#..........##.##...J.J
#...<......##.##.....#
#######.#####.o..J...#


You could see a large slime creature and an orc priest.

Vanquished Creatures
  Josephine (D:10)
  2 two-headed ogres
  A slime creature (D:11)
  Joseph (D:10)
  Psyche (D:10)
  Maggie (D:8)
  A troll (D:10)
  2 hornets (D:9)
  Grinder (D:4)
  Prince Ribbit (D:8)
  3 wraiths (D:10)
  A vampire (D:11)
  Eustachio (D:4)
  A shadow (D:9)
  9 yaks
  Grum (D:8)
  2 steam dragons
  2 wargs
  An acid dragon (D:10)
  A water moccasin (D:6)
  3 sky beasts
  An ice beast (D:7)
  5 orc warriors
  An ogre (D:7)
  2 centaurs
  2 wolves (D:8)
  A gnoll sergeant (D:9)
  A bullfrog (D:9)
  3 killer bees (D:10)
  7 wights
  5 centaur zombies
  A jelly (D:5)
  Crazy Yiuf (D:4)
  A bullfrog zombie (D:5)
  5 hounds
  9 orc priests
  2 bullfrog skeletons (D:7)
  Ijyb (D:4)
  Natasha (thrice) (D:3)
  12 orc wizards
  A hound skeleton (D:4)
  4 adders
  10 gnolls
  A shadow imp (D:7)
  A white imp (D:6)
  An adder skeleton (D:4)
  2 worms (D:3)
  3 dart slugs
  30 orcs
  6 ball pythons
  4 endoplasms
  4 giant cockroaches
  7 goblins
  4 hobgoblins
  7 jackals
  4 quokkas
  5 bats
  2 frilled lizards (D:1)
  8 kobolds
  3 rats
207 creatures vanquished.

Vanquished Creatures (others)
  A yak (D:8)
  A kobold brigand (D:10)
  An orc wizard (D:8)
  2 orcs (D:8)
  2 fungi (D:4)
  4 plants
11 creatures vanquished.

Grand Total: 218 creatures vanquished

Notes
Turn   | Place    | Note
-------+----------+-------------------------------------------
     0 | D:1      | Mesmaeker13 the Octopode Transmuter began the quest for the
                  | Orb.
     0 | D:1      | Reached XP level 1. HP: 13/13 MP: 3/3
   277 | D:1      | Reached XP level 2. HP: 9/18 MP: 3/5
   514 | D:1      | Found a faded altar of an unknown god.
  1183 | D:1      | Reached XP level 3. HP: 23/23 MP: 4/6
  1523 | D:2      | Learned a level 2 spell: Wereblood
  1527 | D:2      | Learned a level 3 spell: Spider Form
  2363 | D:2      | Reached skill level 1 in Poison Magic
  2660 | D:3      | Reached XP level 4. HP: 28/28 MP: 5/7
  2701 | D:3      | Found a burning altar of Makhleb.
  2777 | D:3      | Noticed Natasha
  2787 | D:3      | Killed Natasha
  2788 | D:3      | Reached skill level 4 in Unarmed Combat
  2865 | D:3      | Found an ancient bone altar of Kikubaaqudgha.
  2972 | D:3      | Noticed Natasha
  2982 | D:3      | Killed Natasha
  2983 | D:3      | Reached XP level 5. HP: 32/33 MP: 4/8
  3092 | D:3      | Noticed Natasha
  3125 | D:3      | Killed Natasha
  3176 | D:3      | Reached XP level 6. HP: 15/38 MP: 9/9
  3350 | D:3      | Found the +7 staff of the Meek {protect, meekguard}
  3500 | D:4      | Noticed Grinder
  3681 | D:4      | Noticed Ijyb
  3695 | D:4      | Killed Ijyb
  3938 | D:3      | Reached skill level 5 in Unarmed Combat
  4186 | D:4      | Killed Grinder
  4187 | D:4      | Reached XP level 7. HP: 43/43 MP: 8/10
  4192 | D:4      | Learned a level 4 spell: Ice Form
  4308 | D:4      | Noticed Eustachio
  4328 | D:4      | Killed Eustachio
  4329 | D:4      | Reached skill level 5 in Transmutations
  4329 | D:4      | Reached skill level 1 in Ice Magic
  4329 | D:4      | Reached skill level 5 in Poison Magic
  4614 | D:4      | Reached XP level 8. HP: 42/48 MP: 9/11
  4725 | D:4      | Found a runed translucent door.
  4726 | D:4      | Noticed Crazy Yiuf
  4734 | D:4      | Killed Crazy Yiuf
  4800 | D:5      | Entered Level 5 of the Dungeon
  4870 | D:5      | Found a shimmering blue altar of Sif Muna.
  4923 | D:5      | Found a shimmering altar of Xom.
  5031 | D:5      | Reached skill level 6 in Unarmed Combat
  5431 | D:5      | Found an ornate altar of the Wu Jian Council.
  6114 | D:6      | Found a broken altar of Ashenzari.
  6115 | D:6      | Found an opulent altar of Gozag.
  6130 | D:6      | Found Keics's Gadget Gallery.
  6184 | D:6      | Found Eqiasu's General Store.
  6675 | D:7      | Found a staircase to the Ecumenical Temple.
  6692 | Temple   | Entered the Ecumenical Temple
  6738 | Temple   | Became a worshipper of Ru the Awakened
  6971 | D:7      | Reached XP level 9. HP: 47/53 MP: 10/12
  7203 | D:7      | Reached skill level 7 in Unarmed Combat
  7783 | D:8      | Noticed a two-headed ogre
  7930 | D:8      | Identified the +0 robe of Eternity {Dex+3}
  8119 | D:8      | Found a bloodstained altar of Trog.
  8147 | D:8      | Noticed Prince Ribbit
  8164 | D:8      | Killed Prince Ribbit
  8165 | D:8      | Reached skill level 5 in Ice Magic
  8494 | D:8      | Noticed Grum
  8507 | D:8      | Killed Grum
  8566 | D:8      | Noticed Maggie
  8582 | D:8      | Gained mutation: You cannot study or use magical devices.
                  | [Ru sacrifice]
  8582 | D:8      | Reached * piety under Ru
  8582 | D:8      | Reached ** piety under Ru
  8626 | D:8      | Reached skill level 8 in Unarmed Combat
  8626 | D:8      | Reached XP level 10. HP: 58/58 MP: 7/13
  8722 | D:9      | Learned a level 3 spell: Mephitic Cloud
  8963 | D:9      | Found a glowing silver altar of Zin.
  9263 | D:9      | Found Bariycla's Assorted Antiques.
  9274 | D:9      | Bought a sapphire ring for 120 gold pieces
  9701 | D:10     | Entered Level 10 of the Dungeon
  9986 | D:10     | Reached skill level 1 in Air Magic
 10419 | D:10     | Noticed a two-headed ogre
 10747 | D:10     | Gained mutation: Your magical capacity is low. (-10% MP)
                  | [Ru sacrifice]
 11033 | D:10     | Reached skill level 9 in Unarmed Combat
 11147 | D:10     | Found a stormy altar of Qazlal.
 11167 | D:10     | Noticed Psyche
 11178 | D:10     | Killed Psyche
 11180 | D:10     | Noticed Josephine
 11190 | D:10     | Noticed Joseph
 11440 | D:10     | Killed Josephine
 11441 | D:10     | Reached XP level 11. HP: 32/63 MP: 12/12
 11594 | D:10     | Killed Joseph
 11870 | D:10     | Found a hazy altar of Hepliaklqana.
 12249 | D:11     | Noticed Erolcha
 12702 | D:8      | Noticed a two-headed ogre
 12725 | D:8      | Killed Maggie
 12784 | D:8      | HP: 1/74 [two-headed ogre/+0 giant club (19)]
 12918 | D:8      | Killed a two-headed ogre
 13549 | D:11     | Noticed a two-headed ogre
 13573 | D:11     | Killed a two-headed ogre
 13670 | D:11     | Noticed Gastronok
 14593 | D:11     | Reached skill level 10 in Unarmed Combat
 14593 | D:11     | Reached skill level 5 in Air Magic
 14702 | D:11     | Slain by a large slime creature

Illustrated notes

Levels and vault maps discovered:
D:1:      amcnicky_arrival_double_pillar, layout_basic,
          ebering_ecumenical_altar_rust, chequers_serial_rivers_micro_b
D:2:      layout_loops_cross
D:3:      layout_rooms, mainiacjoe_overflow_paths,
          mainiacjoe_overflow_small_starburst, chequers_serial_rivers_micro_c,
          nrook_mini_backslash, pf_guarded_unrand_meek, uniq_natasha
D:4:      cheibrodos_pilgrimage, layout_loops_ring, uniq_crazy_yiuf_cottage,
          uniq_ijyb, uniq_eustachio, uniq_grinder
D:5:      layout_rooms, mainiacjoe_overflow_boulevard, lemuel_blue_sif_altar,
          nicolae_wu_jian_wuxing_cycle
D:6:      layout_loops_ring, mainiacjoe_overflow_divided_tiny, serial_shops,
          nicolae_shop_crystal, nicolae_shop_gadgets
D:7:      layout_basic, temple_pool_b
D:8:      layout_loops_ring, trog_book, uniq_grum, uniq_prince_ribbit1,
          uniq_maggie
D:9:      layout_gridville, kennysheep_mini_moat, serial_shops,
          nicolae_shop_hallway_plus
D:10:     layout_layer_cave, grunt_qazlal_sundering,
          worldfamousw_hep_ancestral_shrine, uniq_psyche, uniq_joseph,
          uniq_josephine
D:11:     layout_roguey, erik_lair_orcish_takeover, hiddenorc1_lemuel,
          uniq_erolcha, uniq_nergalle, uniq_harold, uniq_gastronok
Temple:   minmay_temple_curvy_loop

Skill      XL: |  1  2  3  4  5  6  7  8  9 10 11 |
---------------+----------------------------------+-----
Transmutations | 3 4 5 6 7 9 |  9.7
Poison Magic   | 1 2 3 4 5 6 8 9 |  9.0
Unarmed Combat | 4 5 6 8 9 10 | 10.0
Ice Magic      | 1 3 5 7 8 |  8.2
Air Magic      | 3 5 |  5.1
Fighting       | |  1.0
Dodging        | |  2.0
Spellcasting   | |  2.0

Action                   |  1- 3 |  4- 6 |  7- 9 | 10-12 || total
-------------------------+-------+-------+-------+-------++-------
Melee: Unarmed           |    74 |   119 |   215 |   267 ||   675
       Constrict         |    20 |    25 |    14 |     1 ||    60
       Kick              |    18 |    27 |    19 |       ||    64
       Tentacles         |    16 |    19 |     8 |       ||    43
       Punch             |     1 |     5 |     5 |       ||    11
 Cast: Beastly Appendage |    29 |    24 |    17 |     1 ||    71
       Spider Form       |       |     8 |    13 |     6 ||    27
       Wereblood         |       |       |     7 |     7 ||    14
       Ice Form          |       |       |     7 |    35 ||    42
       Mephitic Cloud    |       |       |       |    30 ||    30
Invok: Sacrifice Artific |       |       |     1 |       ||     1
       Sacrifice Essence |       |       |       |     1 ||     1
Evoke: Wand              |       |     5 |     7 |       ||    12
  Use: Scroll            |       |     1 |     7 |     2 ||    10
       Potion            |       |       |     2 |    12 ||    14
 Stab: Sleeping          |     7 |     2 |     2 |       ||    11
       Paralysed         |       |     9 |     6 |       ||    15
       Confused          |       |       |       |     1 ||     1
       Invisible         |       |       |       |     1 ||     1
Armor: Skin              |     4 |     6 |    15 |    81 ||   106
Dodge: Dodged            |    34 |    60 |   129 |   156 ||   379
